 Dungeon Crawl Stone Soup version 0.26-a0-154-g3d63440f56 (webtiles) character file.

Game seed: 14960716334537415362

3796 Flugslaktarn the Frost Mage (level 10, -8/53 HPs)
             Began as a Vine Stalker Ice Elementalist on June 30, 2020.
             Was a Follower of Cheibriados.
             Mangled by a cyan ugly thing (10 damage)
             ... on level 11 of the Dungeon.
             The game lasted 00:17:56 (3110 turns).

Flugslaktarn the Frost Mage (VSIE)                  Turns: 3110, Time: 00:17:56

Health: -8/53      AC:  8    Str: 15    XL:     10   Next: 16%
Magic:  0/20       EV: 16    Int: 26    God:    Cheibriados [*.....]
Gold:   173        SH:  0    Dex: 17    Spells: 13/21 levels left

rFire    . . .     SeeInvis .   G - +2 great sword
rCold    + . .     Faith    .   (shield currently unavailable)
rNeg     . . .     Spirit   +   a - +1 leather armour of Remuv {Str+2 Int+3}
rPois    .         Reflect  .   j - +2 helmet {Int+3}
rElec    .         Harm     .   (no cloak)
rCorr    .                      k - +0 pair of gloves
MR       +....                  (no boots)
Stlth    ++........             (no amulet)
HPRegen  0.57/turn              y - ring of protection from cold
MPRegen  0.17/turn              (no ring)

@: frozen ramparts, very slow
A: fangs 3, regeneration 1, magic shield, antimagic bite, no potion heal 3, rot
immunity
a: Bend Time, Renounce Religion


You were on level 11 of the Dungeon.
You worshipped Cheibriados.
Cheibriados was aware of your devotion.
You were not hungry.

You visited 2 branches of the dungeon, and saw 11 of its levels.

You collected 173 gold pieces.

Inventory:

Hand Weapons
 o - a +0 dagger of venom
   (You took it off a goblin on level 2 of the Dungeon)
 x - a +2 flail of protection
   (You took it off an orc on level 4 of the Dungeon)
 A - a +3 flail of venom
   (You took it off Edmund on level 4 of the Dungeon)
 E - a +1 trident of protection
   (You took it off a gnoll sergeant on level 6 of the Dungeon)
 G - a +2 great sword (weapon)
   (You took it off a wight on level 6 of the Dungeon)
Missiles
 w - 97 arrows
 F - 12 javelins (quivered)
Armour
 a - the +1 leather armour of Remuv (worn) {Str+2 Int+3}
   (You found it on level 6 of the Dungeon)

   It affects your strength (+2).
   It affects your intelligence (+3).
 d - the +3 plate armour "Uriafoec" {Str+4 Dex+3}
   (You took it off an orc warrior on level 6 of the Dungeon)

   It affects your strength (+4).
   It affects your dexterity (+3).
 j - a +2 helmet of intelligence (worn)
   (You found it on level 6 of the Dungeon)
 k - a +0 pair of gloves (worn)
   (You found it on level 2 of the Dungeon)
 t - a +0 leather armour
   (You took it off Duvessa on level 4 of the Dungeon)
Jewellery
 y - a ring of protection from cold (left hand)
   (You found it on level 3 of the Dungeon)
Wands
 D - a wand of enslavement (4)
   (You found it on level 6 of the Dungeon)
Scrolls
 e - 5 scrolls of noise {unknown}
 f - 2 scrolls of enchant armour
 g - 3 scrolls of remove curse
 m - a scroll of amnesia {unknown}
 n - a scroll of fear
 p - a scroll of magic mapping {unknown}
 q - a scroll of teleportation
 v - 2 scrolls of immolation
Potions
 b - 2 potions of mutation
 h - 3 potions of haste
 i - 2 potions of invisibility
 l - 2 potions of curing
 r - 2 potions of cancellation {unknown}
 s - a potion of stabbing {unknown}
 u - 3 potions of flight
 z - a potion of heal wounds
 B - a potion of brilliance {unknown}
 C - a potion of degeneration {unknown}
 H - a potion of magic {unknown}
Comestibles
 c - 7 rations


   Skills:
 - Level 6.0 Fighting
 + Level 6.5 Dodging
 - Level 2.4 Stealth
 + Level 1.3 Unarmed Combat
 - Level 6.0 Spellcasting
 - Level 3.0 Summonings
 - Level 8.0 Ice Magic
 - Level 3.0 Invocations


You had 13 spell levels left.
You knew the following spells:

 Your Spells              Type           Power        Failure   Level  Hunger
a - Freeze                Ice            ####         1%          1    None
b - Frozen Ramparts       Ice            #####.       1%          3    None
d - Summon Ice Beast      Ice/Summ       #####...     9%          4    ###....

Your spell library contained the following spells:

 Spells                   Type           Power        Failure   Level  Hunger
 Summon Small Mammal      Summ           ###.         2%          1    None
 Call Imp                 Summ           ###.....     3%          2    None
 Ozocubu's Armour         Chrm/Ice       ####....     4%          3    None
 Call Canine Familiar     Summ           ###.....     8%          3    None
 Beastly Appendage        Tmut           #.....       9%          1    None
 Sticks to Snakes         Tmut           #.......     13%         2    None
 Summon Guardian Golem    Hex/Summ       ###.....     14%         3    None
 Hailstorm                Conj/Ice       ####....     16%         4    ###....
 Ice Form                 Ice/Tmut       ####....     16%         4    ###....
 Spider Form              Tmut/Pois      #.........   26%         3    None
 Summon Lightning Spire   Summ/Air       ###.....     41%         4    ###....
 Blade Hands              Tmut           #.........   93%         5    #####..


Dungeon Overview and Level Annotations

Branches:
Dungeon (9/15)             Temple (1/1) D:6
   Lair: D:8-11         Orc: D:9-12

Altars:
Ashenzari
Cheibriados
Dithmenos
Elyvilon
Fedhas
Gozag
Hepliaklqana
Kikubaaqudgha
Makhleb
Nemelex Xobeh
Qazlal
Sif Muna
Trog
Uskayaw
Vehumet
Wu Jian
Xom
Yredelemnul
Zin
The Shining One
Beogh

Shops:
D:5 (   D:6 (   D:7 [

Annotations:
D:6 MirrMurr's ghost, novice SpEn
D:7 2 transporters, Flugslaktarn's ghost, novice VSIE


Innate Abilities, Weirdness & Mutations

You have razor-sharp teeth.
Your natural rate of healing is unusually fast.
When hurt, damage is shared between your health and your magic reserves.
Your bite disrupts and absorbs the magic of your enemies.
Potions cannot restore your health.
You are immune to rotting.


Message History

Confirm with . or Enter, or press ? or * to list all spells.
A chill wind blows around you.
The wall freezes the troll!
The wall freezes the troll.
The troll bites your ice beast! The troll barely misses your ice beast.
The troll claws your ice beast.
Your ice beast hits the troll.
Your ice beast freezes the troll!
Your ice beast barely misses the troll.
Your ice beast hits the troll.
Your ice beast freezes the troll!
The wall freezes the troll!
You kill the troll!
Cheibriados appreciates the change of pace.
Training target 3.0 for Invocations reached!
Your Invocations skill increases to level 3!
Found a scroll of remove curse.
Found a ration.
g - 3 scrolls of remove curse (gained 1)
You swap places.
The frozen ramparts melt away.
A white ugly thing comes into view.
The white ugly thing closely misses you.
The white ugly thing basks in your mutagenic energy and changes!
Your magical contamination has completely faded away.
The cyan ugly thing stings your ice beast!
The cyan ugly thing shocks your ice beast!
Your ice beast dies!
Casting: Summon Ice Beast (dangerous; 9% risk of failure)
Confirm with . or Enter, or press ? or * to list all spells.
There are no walls around you to affect.
Your ice beast barely misses the cyan ugly thing.
The cyan ugly thing barely misses you.
Your ice beast barely misses the cyan ugly thing.
The cyan ugly thing stings your ice beast!
The cyan ugly thing shocks your ice beast!
Your ice beast dies!
You hear a distant slurping noise.
The cyan ugly thing stings you! The cyan ugly thing shocks you!
Casting: Frozen Ramparts (safe; 1% risk of failure)
Confirm with . or Enter, or press ? or * to list all spells.
The walls around you are covered in ice.
The wall freezes the cyan ugly thing.
The cyan ugly thing stings you. The cyan ugly thing shocks you!
* * * LOW HITPOINT WARNING * * *
Casting: Frozen Ramparts (safe; 1% risk of failure)
Confirm with . or Enter, or press ? or * to list all spells.
You don't have enough magic to cast that spell.
You hit the cyan ugly thing.
The cyan ugly thing is lightly wounded.
The wall freezes the cyan ugly thing!
The cyan ugly thing stings you!
* * * LOW HITPOINT WARNING * * *
The cyan ugly thing shocks you!
* * * LOW HITPOINT WARNING * * *
The wall freezes the cyan ugly thing!
The cyan ugly thing stings you!
You die...

#..# #..#
#..# . #..#
...
#..#####.....
#..........#
#..........#
#..#####...#
#.@# ###
#.u#####
#......#
#......#
#......#
#..%...#
#......#
#.......#
#........#


You could see a cyan ugly thing.

Vanquished Creatures
  A troll (D:11)
  Grinder (D:4)
  Eustachio (D:5)
  Edmund (D:4)
  2 soldier ants (D:8)
  Duvessa (D:4)
  An ice beast (D:6)
  2 sky beasts
  2 orc warriors
  A phantom (D:6)
  6 ogres
  2 centaurs
  Blork the orc (D:6)
  3 bullfrogs
  A gnoll sergeant (D:6)
  Dowan (D:4)
  A scorpion (D:2)
  3 wights (D:6)
  5 crimson imps
  A bullfrog zombie (D:9)
  5 orc priests (D:6)
  A centaur skeleton (D:5)
  2 hounds (D:6)
  A jelly (D:8)
  An orc wizard (D:6)
  2 iguanas
  2 worker ants (D:8)
  A killer bee zombie (D:6)
  6 gnolls
  A howler monkey skeleton (D:5)
  7 adders
  An ooze (D:3)
  An adder skeleton (D:9)
  3 worms (D:2)
  3 leopard geckos
  27 orcs
  3 bats
  8 giant cockroaches
  4 goblins
  4 hobgoblins
  8 jackals
  4 kobolds
  3 quokkas
  3 frilled lizards
  A jackal skeleton (D:8)
  2 rats
141 creatures vanquished.

Vanquished Creatures (collateral kills)
  A hungry ghost (D:7)
  A centaur (D:8)
  An ogre (D:6)
  A bullfrog (D:6)
  A scorpion (D:8)
  A hound (D:8)
  An orc wizard (D:8)
  3 orcs
10 creatures vanquished.

Vanquished Creatures (others)
  A wight (D:6)
1 creature vanquished.

Grand Total: 152 creatures vanquished

Notes
Turn   | Place    | Note
-------+----------+-------------------------------------------
     0 | D:1      | Flugslaktarn the Vine Stalker Ice Elementalist began the
                  | quest for the Orb.
     0 | D:1      | Reached XP level 1. HP: 9/9 MP: 4/4
   113 | D:2      | Noticed a scorpion
   146 | D:2      | Reached XP level 2. HP: 10/13 MP: 2/6
   168 | D:2      | Killed a scorpion
   168 | D:2      | Reached XP level 3. HP: 14/16 MP: 1/8
   193 | D:2      | Learned a level 3 spell: Frozen Ramparts
   236 | D:1      | Gained mutation: Your natural rate of healing is unusually
                  | fast. [Vine Stalker growth]
   236 | D:1      | Reached XP level 4. HP: 21/21 MP: 8/10
   362 | D:2      | Reached skill level 5 in Ice Magic
   443 | D:3      | Reached XP level 5. HP: 24/24 MP: 5/11
   501 | D:4      | Noticed Duvessa
   501 | D:4      | Noticed Dowan
   507 | D:4      | Killed Duvessa
   507 | D:4      | Reached skill level 6 in Ice Magic
   507 | D:4      | Reached XP level 6. HP: 24/28 MP: 7/13
   508 | D:4      | Killed Dowan
   597 | D:4      | Reached skill level 7 in Ice Magic
   683 | D:4      | Reached XP level 7. HP: 32/32 MP: 5/14
   763 | D:3      | Found a shimmering altar of Xom.
   943 | D:4      | Reached skill level 8 in Ice Magic
   949 | D:4      | Learned a level 4 spell: Summon Ice Beast
   990 | D:4      | Found a sparkling altar of Nemelex Xobeh.
  1049 | D:4      | Found a shattered altar of Ashenzari.
  1054 | D:5      | Entered Level 5 of the Dungeon
  1136 | D:5      | Reached skill level 1 in Fighting
  1136 | D:5      | Reached skill level 1 in Summonings
  1174 | D:5      | Noticed Eustachio
  1185 | D:5      | Killed Eustachio
  1185 | D:5      | Gained mutation: You have razor-sharp teeth. [Vine Stalker
                  | growth]
  1185 | D:5      | Reached XP level 8. HP: 39/39 MP: 4/15
  1369 | D:5      | Found Reros's Antique Weapon Emporium.
  1404 | D:5      | Found a bloodstained altar of Trog.
  1468 | D:4      | Noticed Edmund
  1480 | D:4      | Killed Edmund
  1482 | D:4      | Noticed Grinder
  1507 | D:4      | Killed Grinder
  1760 | D:6      | Found Woijes's Antique Weapon Emporium.
  1813 | D:6      | Found a runed translucent gate.
  1814 | D:6      | Found a runed translucent gate.
  1814 | D:6      | Noticed MirrMurr's ghost (novice SpEn)
  1815 | D:6      | Found a runed translucent gate.
  1815 | D:6      | Found a roughly hewn altar of Beogh.
  1815 | D:6      | Identified the +3 plate armour "Uriafoec" {Str+4 Dex+3}
  1892 | D:6      | Reached skill level 5 in Dodging
  1892 | D:6      | Reached XP level 9. HP: 38/45 MP: 1/16
  2070 | D:7      | Found Qycucono's Antique Armour Boutique.
  2154 | D:7      | Found a transporter.
  2155 | D:7      | Noticed Flugslaktarn's ghost (novice VSIE)
  2156 | D:7      | Identified the +9 great mace of Defence {vamp, rC+ Stlth+}
  2157 | D:7      | Found a transporter.
  2309 | D:6      | Reached skill level 5 in Fighting
  2309 | D:6      | Reached skill level 5 in Spellcasting
  2350 | D:6      | HP: 1/47 [orc warrior/+2 halberd (7)]
  2415 | D:6      | Found a staircase to the Ecumenical Temple.
  2425 | D:6      | Noticed Blork the orc
  2432 | D:6      | Killed Blork the orc
  2437 | Temple   | Entered the Ecumenical Temple
  2457 | Temple   | Became a worshipper of Cheibriados the Contemplative
  2564 | D:6      | Got a brightly glowing leather armour
  2589 | D:6      | You fall into a shaft and drop 2 floors!
  2618 | D:8      | Identified the +1 leather armour of Remuv {Str+2 Int+3}
                  | (You found it on level 6 of the Dungeon)
  2858 | D:8      | Reached skill level 1 in Invocations
  2918 | D:9      | Reached XP level 10. HP: 52/53 MP: 20/20
  2931 | D:9      | Reached * piety under Cheibriados
  3059 | D:8      | Reached skill level 1 in Unarmed Combat
  3081 | D:8      | You fall into a shaft and drop 3 floors!
  3101 | D:11     | Noticed a white ugly thing
  3110 | D:11     | HP: 2/53 [cyan ugly thing (15)]
  3110 | D:11     | Mangled by a cyan ugly thing

Illustrated notes

Levels and vault maps discovered:
D:1:      dpeg_arrival_tiny_h, layout_loops_corners
D:2:      layout_loops_ring, chequers_ecumenical_altar_simple_redux
D:3:      layout_rooms, marbit_many_paths, lemuel_round_altar,
          roderic_roman_lattice, kennysheep_potato
D:4:      layout_loops_ring, lemuel_round_altar, overflow_temple_1_default,
          first_ration, minmay_misc_feat_nine_boxes, uniq_grinder, uniq_edmund,
          uniq_duvessa
D:5:      layout_loops_ring, lemuel_coloured_pillars_altar, serial_shops,
          kennysheep_mini_moat, uniq_eustachio
D:6:      layout_cave_pools, minmay_temple_entry_tees, serial_shops,
          nicolae_shop_crystal, biasface_ghost_orc_armoury,
          hangedman_decor_peaks_small, minmay_chambers_of_fives,
          uniq_blork_the_orc
D:7:      layout_cave_pods, nicolae_overflow_crystal_walls,
          gammafunk_ghost_smash, serial_shops, nicolae_shop_overgrown_old_shop
D:8:      lemuel_bear_cage, layout_basic, hangedman_pestilent_swarm
D:9:      layout_loops_ring, david_orc_4, uniq_grum, uniq_psyche
D:11:     kennysheep_six_static_rooms, layout_small_grid, minmay_joined_circles
Temple:   lightli_temple_of_artemis

Skill      XL: |  1  2  3  4  5  6  7  8  9 10 |
---------------+-------------------------------+-----
Spellcasting   | 3 4 6 |  6.0
Ice Magic      | 5 6 7 8 |  8.0
Fighting       | 2 4 6 |  6.0
Dodging        | 2 5 6 |  6.5
Summonings     | 2 3 |  3.0
Invocations    | 1 3 |  3.0
Unarmed Combat | 1 |  1.3
Stealth        | |  2.4

Action                   |  1- 3 |  4- 6 |  7- 9 | 10-12 || total
-------------------------+-------+-------+-------+-------++-------
Melee: Unarmed           |     9 |       |       |       ||     9
       Bite              |     5 |     8 |    41 |     6 ||    60
       Falchion          |     1 |     5 |       |       ||     6
       Dagger            |       |    23 |    20 |       ||    43
       Flail             |       |       |   112 |       ||   112
       Great sword       |       |       |    39 |    11 ||    50
       Trident           |       |       |    26 |       ||    26
 Cast: Freeze            |    12 |    14 |    25 |       ||    51
       Frozen Ramparts   |       |     8 |    38 |     3 ||    49
       Summon Ice Beast  |       |       |     8 |     5 ||    13
Evoke: Wand              |       |       |     1 |       ||     1
  Use: Scroll            |       |       |    13 |       ||    13
       Potion            |       |       |     1 |     1 ||     2
 Stab: Sleeping          |     1 |     4 |     4 |       ||     9
       Distracted        |       |       |     2 |       ||     2
  Eat: Ration            |       |       |     5 |       ||     5
Armor: Robe              |     7 |     4 |       |       ||    11
       Leather armour    |       |     5 |    57 |    24 ||    86
Dodge: Dodged            |    23 |    23 |   202 |    34 ||   282
       Rpst.: Great sword |       |       |     9 |     6 ||    15

Table legend:
 A = Non-vault XP
 B = Vault XP
 C = Vault XP percentage of total XP
 D = Non-vault monster count
 E = Vault monster count
 F = Vault count percentage of total count
                 A         B        C        D         E       F
            +---------+---------+-------+---------+---------+-------
      Total |    3698 |    1725 |  31.8 |     127 |      25 |  16.4
            +---------+---------+-------+---------+---------+-------
        D:1 |       9 |       0 |   0.0 |       5 |       0 |   0.0
        D:2 |     154 |       0 |   0.0 |      18 |       0 |   0.0
        D:3 |      36 |       2 |   5.3 |      10 |       1 |   9.1
        D:4 |     418 |     569 |  57.6 |      16 |       4 |  20.0
        D:5 |     439 |     188 |  30.0 |      17 |       1 |   5.6
        D:6 |    1438 |     580 |  28.7 |      34 |      15 |  30.6
        D:7 |     218 |       0 |   0.0 |       3 |       0 |   0.0
        D:8 |     312 |     386 |  55.3 |      11 |       4 |  26.7
        D:9 |     443 |       0 |   0.0 |      12 |       0 |   0.0
       D:11 |     231 |       0 |   0.0 |       1 |       0 |   0.0
            +---------+---------+-------+---------+---------+-------
